 Dungeon Crawl Stone Soup version 0.25.1-11-g244df3a29b (webtiles) character file.

Game seed: 2615073394573652375

18734 tkbsonic5 the Fighter (level 12, -6/108 HPs)
             Began as a Minotaur Monk on Dec 4, 2022.
             Was a Priest of Qazlal.
             Mangled by a minotaur (20 damage)
             ... on level 2 of the Lair of Beasts.
             The game lasted 01:00:16 (12593 turns).

tkbsonic5 the Fighter (Minotaur Monk)              Turns: 12593, Time: 01:00:17

Health: -6/108     AC: 14    Str: 18    XL:     12   Next: 30%
Magic:  22/24      EV: 16    Int:  7    God:    Qazlal [***...]
Gold:   228        SH:  4    Dex: 16    Spells: 11/11 levels left

rFire    . . .     SeeInvis .   C - +3 war axe
rCold    . . .     Gourm    .   (no shield)
rNeg     . . .     Faith    .   w - +0 chain mail
rPois    .         Spirit   .   b - +2 hat
rElec    .         Reflect  .   q - +0 cloak
rCorr    .         Harm     .   (no gloves)
MR       .....                  (no boots)
Stlth    ..........             t - amulet of regeneration
HPRegen  0.68/turn              k - +4 ring of evasion
MPRegen  0.19/turn              F - ring of magical power

@: studying Shields
A: retaliatory headbutt, horns 2
a: Upheaval, Elemental Force, Renounce Religion


You were on level 2 of the Lair of Beasts.
You worshipped Qazlal.
Qazlal was most pleased with you.
You were not hungry.

You visited 3 branches of the dungeon, and saw 12 of its levels.
You also visited: Sewer.

You collected 647 gold pieces.
You spent 419 gold pieces at shops.

Inventory:

Hand Weapons
 g - a +5 morningstar
 h - a +2 shortbow of flaming
 l - a +0 arbalest
 n - a +4 quarterstaff of chaos
 p - a +3 short sword of draining
 r - a +1 vorpal mace
 u - a +4 mace
 z - a +0 hand crossbow
 C - a +3 war axe (weapon)
 D - a +1 rapier of venom
 J - a +0 broad axe
 N - a +2 hunting sling of flaming
Missiles
 i - 106 arrows
 m - 7 boomerangs
 G - 103 bolts
 I - 9 poisoned darts (quivered)
Armour
 b - a +2 hat (worn)
 o - a +4 kite shield
 q - a +0 cloak (worn)
 w - a +0 chain mail (worn)
Jewellery
 k - a +4 ring of evasion (left hand)
 t - an amulet of regeneration (around neck)
 A - an uncursed amulet of reflection
 F - a ring of magical power (right hand)
Wands
 c - a wand of digging (4)
 j - a wand of polymorph (2)
 E - a wand of random effects (10)
Scrolls
 e - 8 scrolls of teleportation
 s - a scroll of magic mapping
 y - a scroll of fear
 K - a scroll of fog
 M - 2 scrolls of remove curse
Potions
 f - 7 potions of flight
 v - 4 potions of brilliance
 x - 2 potions of curing
 B - a potion of stabbing {unknown}
Books
 a - a manual of Shields
Comestibles
 d - 10 rations
 H - a chunk of flesh


   Skills:
 * Level 10.6 Fighting
 * Level 4.5 Short Blades
 + Level 4.6(6.5) Axes
 + Level 7.1(7.9) Maces & Flails
 + Level 1.6(4.7) Staves
 + Level 0.8(2.4) Slings
 + Level 1.4 Bows
 * Level 2.4 Crossbows
 + Level 3.3(3.4) Throwing
 * Level 9.7 Armour
 + Level 8.5 Dodging
 - Level 1.5 Stealth
 * Level 10.0 Shields
 * Level 5.9 Invocations
 + Level 6.0 Evocations


You had 11 spell levels left.
You didn't know any spells.
Your spell library contained the following spells:

 Spells                   Type           Power        Failure   Level  Hunger
 Foxfire                  Conj/Fire      #...         99%         1    ##.....
 Magic Dart               Conj           #...         99%         1    ##.....
 Blink                    Tloc           N/A          99%         2    ###....
 Call Imp                 Summ           #.......     99%         2    ###....
 Slow                     Hex            #.......     99%         2    ###....
 Conjure Flame            Conj/Fire      #.......     100%        3    ####...
 Inner Flame              Hex/Fire       #.......     100%        3    ####...
 Mephitic Cloud           Conj/Pois/Air  #.......     100%        3    ####...
 Sticky Flame             Conj/Fire      #.......     100%        4    #####..
 Fireball                 Conj/Fire      #.........   100%        5    ######.


Dungeon Overview and Level Annotations

Branches:
Dungeon (9/15)             Temple (1/1) D:4            Lair (2/6) D:9
  Snake (0/4) Lair:2        Sewer (visited)
  Swamp: Lair:2-4    Shoals: Lair:2-4       Orc: D:9-12

Altars:
Ashenzari
Cheibriados
Dithmenos
Elyvilon
Fedhas
Gozag
Hepliaklqana
Kikubaaqudgha
Makhleb
Nemelex Xobeh
Okawaru
Qazlal
Ru
Sif Muna
Trog
Uskayaw
Vehumet
Wu Jian
Xom
Yredelemnul
Zin
The Shining One

Shops:
D:5 ?   D:8 *

Annotations:
D:3 1 runed translucent door, dornbeast's ghost, amateur DEWn
D:7 1 runed translucent door, pokeman's ghost, novice DEWz


Innate Abilities, Weirdness & Mutations

You reflexively headbutt those who attack you in melee.
You have a pair of horns on your head.


Message History

You hit the fungus.
The naga hits you from afar with a +0 halberd.
The minotaur completely misses you. You furiously retaliate!
You headbutt the minotaur! The minotaur gores you.
You slash the minotaur!
The minotaur is heavily wounded.
You slash the fungus! The naga barely misses you.
The minotaur hits you but does no damage.
The minotaur closely misses you.
You slash the minotaur! Your headbutt misses the minotaur.
The minotaur is severely wounded.
You hit the fungus. You closely miss the blink frog.
The blink frog blinks!
The naga hits you from afar with a +0 halberd!
* * * LOW HITPOINT WARNING * * *
The minotaur hits you!!
* * * LOW HITPOINT WARNING * * *
The minotaur gores you but does no damage.
The blink frog hits you but does no damage.
You feel better.
The blink frog blinks!
The minotaur hits you!!
You die...

*,,,*,*,,*^*,* #.....##.###.##
**,,,,,,,#,#####* #..............
,*******,#.#..#.###........≈.PPP.
,* *,..................PP≈P≈P ,**
**..............(..PP≈≈≈P≈ ,,*
*.[(..N.N.........P≈≈≈≈≈P ,,*
**....(.NlN.......PP≈♣♣≈♣P ,,*
*,.####.#H#.E.##.P.≈≈≈♣♣≈≈ ,,*
**,,* ###@#..F....P≈♣♣P♣♣≈ ,**
**,,* #PF#...###≈P♣P≈PP≈≈ ,*
**,,** ##.....#*P.♣≈P.,PP*
,******,,,* #.#....,≈≈≈≈≈,≈≈≈≈
,**,,*,,,,*****#.P..#≈P≈≈≈≈,,,,≈≈
,,,,,,,,,,,,,,,.....P≈.P*≈≈*,,,,≈
,,,,,,,,,,,,,,,..P,.≈P≈≈≈≈≈,,,,≈,
,,,,,,,,,,,,,,,..#.,#PP≈≈≈≈≈,,,,≈
,,,,,,*,,,,*,,,,,,,,*,≈≈≈≈,*,,,,≈


You could see a minotaur, a komodo dragon, a blink frog and 4 nagas.

Vanquished Creatures
  Gastronok (D:8)
  2 hydras (D:9)
  A centaur warrior (D:9)
  2 two-headed ogres (D:9)
  An elephant (Lair:1)
  7 spiny frogs
  Psyche (D:8)
  A rime drake (Lair:1)
  A kobold demonologist (D:8)
  3 komodo dragons
  A troll (D:9)
  A slime creature (D:8)
  3 blink frogs (Lair:1)
  7 hippogriffs
  6 yaks
  A vampire (D:7)
  Eustachio (D:6)
  A hungry ghost (D:9)
  A wyvern (D:9)
  A naga (Lair:2)
  Duvessa (D:4)
  5 porcupines
  6 water moccasins
  2 orc warriors
  A sky beast (D:8)
  2 ice beasts
  A phantom (D:6)
  4 centaurs
  2 ogres
  A crocodile (Lair:1)
  11 big kobolds
  8 bullfrogs
  Dowan (D:4)
  4 scorpions
  6 killer bees
  10 wights
  An electric eel (Lair:1)
  5 howler monkeys
  4 crimson imps
  A centaur skeleton (D:9)
  2 centaur zombies
  2 jellies
  4 orc priests
  Crazy Yiuf (D:2)
  8 hounds
  Jessica (D:2)
  2 bullfrog skeletons
  Ijyb (D:4)
  4 iguanas
  5 orc wizards
  3 hell rats (D:8)
  7 worker ants
  A hound zombie (D:9)
  A gnoll (D:2)
  6 adders
  6 river rats
  2 shadow imps (D:9)
  An ooze (D:7)
  2 adder zombies
  3 worms
  A dart slug (D:2)
  12 leopard geckos
  26 orcs
  4 ball pythons
  17 bats
  6 giant cockroaches
  7 goblins
  7 hobgoblins
  16 jackals
  22 kobolds
  8 quokkas
  4 frilled lizards
  2 leopard gecko skeletons
  2 leopard gecko zombies (D:6)
  A quokka skeleton (D:7)
  21 rats
  2 plants (D:9)
339 creatures vanquished.

Vanquished Creatures (collateral kills)
  A naga (Lair:2)
  A fungus (Lair:2)
2 creatures vanquished.

Vanquished Creatures (others)
  2 fungi
  8 plants
10 creatures vanquished.

Grand Total: 351 creatures vanquished

Notes
Turn   | Place    | Note
-------+----------+-------------------------------------------
     0 | D:1      | tkbsonic5 the Minotaur Monk began the quest for the Orb.
     0 | D:1      | Reached XP level 1. HP: 19/19 MP: 0/0
   160 | D:1      | Reached XP level 2. HP: 27/27 MP: 1/1
   183 | D:1      | Reached skill level 1 in Armour
   890 | D:2      | Reached XP level 3. HP: 9/33 MP: 2/2
  1185 | D:2      | Found a faded altar of an unknown god.
  1272 | D:2      | Noticed Jessica
  1287 | D:2      | Killed Jessica
  1287 | D:2      | Reached skill level 1 in Shields
  1295 | D:2      | Reached XP level 4. HP: 20/41 MP: 3/3
  1469 | D:2      | Found a hide-covered altar of Uskayaw.
  1583 | D:2      | Found an opulent altar of Gozag.
  1799 | D:2      | Found a runed translucent door.
  1800 | D:2      | Noticed Crazy Yiuf
  2212 | D:2      | Killed Crazy Yiuf
  2529 | D:3      | Found a glowing golden altar of the Shining One.
  2560 | D:3      | Found a runed translucent door.
  2566 | D:3      | Noticed dornbeast's ghost (amateur DEWn)
  2595 | D:3      | Reached XP level 5. HP: 47/47 MP: 4/4
  2619 | D:3      | Found a sparkling altar of Nemelex Xobeh.
  2769 | D:3      | Found a bloodstained altar of Trog.
  2772 | D:3      | Found a glowing drain.
  2824 | Sewer    | Entered a sewer
  3206 | D:3      | Reached skill level 1 in Evocations
  3689 | D:4      | Found a staircase to the Ecumenical Temple.
  3715 | D:4      | Reached skill level 5 in Fighting
  3753 | D:4      | Noticed Ijyb
  3759 | D:4      | Reached skill level 1 in Short Blades
  3759 | D:4      | Reached XP level 6. HP: 51/56 MP: 4/6
  3772 | D:4      | Noticed Duvessa
  3779 | D:4      | Killed Ijyb
  3781 | D:4      | Noticed Dowan
  3784 | D:4      | Killed Duvessa
  3786 | D:4      | Killed Dowan
  3814 | D:4      | Reached XP level 7. HP: 41/61 MP: 7/7
  4084 | D:4      | Found a radiant altar of Vehumet.
  4328 | Temple   | Entered the Ecumenical Temple
  4459 | Temple   | Became a worshipper of Qazlal Stormbringer
  4459 | Temple   | Reached * piety under Qazlal
  4459 | Temple   | Reached ** piety under Qazlal
  4489 | D:5      | Entered Level 5 of the Dungeon
  4513 | D:5      | Reached skill level 5 in Dodging
  4649 | D:5      | Found a hazy altar of Hepliaklqana.
  4833 | D:5      | Found Fehihiko's Magic Scroll Boutique.
  4841 | D:5      | Bought a scroll of identify for 20 gold pieces
  4841 | D:5      | Bought a scroll of enchant armour for 75 gold pieces
  4841 | D:5      | Bought a scroll of identify for 20 gold pieces
  4841 | D:5      | Bought a scroll of blinking for 75 gold pieces
  4841 | D:5      | Bought a scroll of blinking for 75 gold pieces
  4841 | D:5      | Bought a scroll of remove curse for 30 gold pieces
  4841 | D:5      | Bought a scroll of identify for 20 gold pieces
  4862 | D:5      | Found a shimmering blue altar of Sif Muna.
  5123 | D:6      | Reached XP level 8. HP: 66/70 MP: 9/9
  5146 | D:6      | Reached skill level 1 in Throwing
  5158 | D:6      | Reached skill level 5 in Armour
  5170 | D:6      | Found an ancient bone altar of Kikubaaqudgha.
  5215 | D:6      | Reached skill level 5 in Shields
  5314 | D:6      | Noticed Eustachio
  5328 | D:6      | Reached skill level 1 in Invocations
  5330 | D:6      | Killed Eustachio
  5908 | D:7      | Reached XP level 9. HP: 79/79 MP: 10/10
  5990 | D:7      | Reached *** piety under Qazlal
  6001 | D:7      | Found a blossoming altar of Fedhas.
  6032 | D:7      | Found a sacrificial altar of Ru.
  6321 | D:7      | Found a shattered altar of Ashenzari.
  6372 | D:7      | Found a snail-covered altar of Cheibriados.
  6433 | D:7      | Found a bloodstained altar of Trog.
  6461 | D:7      | Found a runed translucent door.
  6461 | D:7      | Noticed pokeman's ghost (novice DEWz)
  6695 | D:8      | Noticed Psyche
  6695 | D:8      | Noticed a kobold demonologist
  6703 | D:8      | Killed Psyche
  6705 | D:8      | Killed a kobold demonologist
  6728 | D:8      | Reached skill level 5 in Maces & Flails
  6828 | D:8      | Reached XP level 10. HP: 88/88 MP: 12/12
  6877 | D:8      | Noticed Gastronok
  6892 | D:8      | Killed Gastronok
  6892 | D:8      | Reached skill level 5 in Evocations
  7081 | D:8      | Found Guge's Assorted Antiques.
  7090 | D:8      | Bought a potion of might for 104 gold pieces
  7353 | D:8      | Reached **** piety under Qazlal
  7906 | D:9      | Noticed a two-headed ogre
  7920 | D:9      | Killed a two-headed ogre
  8015 | D:9      | Reached skill level 1 in Axes
  8071 | D:9      | Reached XP level 11. HP: 65/97 MP: 14/14
  8337 | D:9      | Noticed a centaur warrior
  8361 | D:9      | Killed a centaur warrior
  8382 | D:9      | Noticed a six-headed hydra
  8395 | D:9      | Killed a six-headed hydra
  8710 | D:9      | Reached ***** piety under Qazlal
  8762 | D:9      | Noticed a two-headed ogre
  8770 | D:9      | Killed a two-headed ogre
  9020 | D:9      | Found a staircase to the Lair.
  9117 | D:9      | Reached skill level 10 in Fighting
  9193 | Lair:1   | Entered Level 1 of the Lair of Beasts
  9223 | Lair:1   | Noticed an eight-headed hydra
  9610 | Lair:1   | Reached skill level 5 in Invocations
 10479 | Lair:1   | Reached skill level 1 in Crossbows
 10613 | D:9      | Killed an eight-headed hydra
 11306 | Lair:1   | Reached skill level 1 in Staves
 11306 | Lair:1   | Reached XP level 12. HP: 80/107 MP: 15/15
 11976 | Lair:1   | Reached skill level 1 in Bows
 12298 | Lair:1   | Reached skill level 10 in Shields
 12559 | Lair:2   | Noticed an eight-headed hydra
 12564 | Lair:2   | Noticed a minotaur
 12564 | Lair:2   | an eight-headed hydra changed into a minotaur
 12592 | Lair:2   | HP: 5/108 [minotaur (22)]
 12593 | Lair:2   | Mangled by a minotaur

Illustrated notes

Levels and vault maps discovered:
D:1:      psy_arrival_basics, layout_basic
D:2:      layout_loops_ring, lemuel_doored_altar,
          eat_drink_and_be_merry_uskayaw, chequers_ecumenical_altar_grove,
          minmay_vboxes, uniq_crazy_yiuf_cottage, uniq_jessica
D:3:      corexii_shack_village, layout_basic, nemelex_altar_shiori,
          marbit_many_paths, ebering_ghost_reflecting_pool, first_ration,
          portal_sewer_entry_b, bloody_trog
D:4:      layout_rooms, kennysheep_mini_moat, minmay_temple_entry_crystal_x,
          uniq_duvessa, uniq_ijyb
D:5:      layout_gridville, nicolae_overflow_hidden_temple,
          kennysheep_little_box, serial_shops, shop
D:6:      layout_basic, overflow_temple_1_default, uniq_eustachio
D:7:      layout_rooms, lemuel_coloured_pillars_altar,
          nicolae_ru_the_path_less_chosen, lemuel_crystal_altar,
          lemuel_round_altar, old_standard_altar, gammafunk_ghost_grave,
          grunt_ogre_cave
D:8:      lemuel_ratsnest, layout_basic, special_room [special_room_kobold],
          serial_shops, nicolae_shop_overgrown_old_shop, hex_large,
          ebering_dispersal_statue_hall, uniq_gastronok, uniq_psyche
D:9:      layout_long_grid, david_lair_shrubbed, minivault_28
Temple:   nicolae_temple_figure_zero
Lair:1:   layout_gridlike, nicolae_volcano_entry_two_sided, nzn_random_ring,
          infiniplex_staircase_pool
Lair:2:   layout_chaotic_city, minmay_snake_entry_guardpost_large, basic_altar,
          portal_ice_cave_entry_pillars_1, serial_bayou_lagoon_a,
          nicolae_lair_grove_arrangements

Skill      XL: |  1  2  3  4  5  6  7  8  9 10 11 12 |
---------------+-------------------------------------+-----
Armour         | 1 2 3 4 5 7 8 9 |  9.7
Fighting       | 4 5 6 7 8 9 10 | 10.6
Shields        | 1 2 3 4 5 6 8 9 10 | 10.0
Maces & Flails | 4 5 6 7 |  7.1
Dodging        | 4 5 6 7 8 |  8.5
Evocations     | 1 2 3 4 5 6 |  6.0
Short Blades   | 1 2 3 4 |  4.5
Throwing       | 1 2 3 |  3.3
Invocations    | 1 2 3 5 |  5.9
Axes           | 1 4 |  4.6
Crossbows      | 1 2 |  2.4
Staves         | 1 |  1.6
Bows           | 1 |  1.4
Slings         | |  0.8
Stealth        | |  1.5

Action                   |  1- 3 |  4- 6 |  7- 9 | 10-12 || total
-------------------------+-------+-------+-------+-------++-------
Melee: Mace              |    37 |    18 |    33 |       ||    88
       Headbutt          |     4 |    25 |    55 |    93 ||   177
       Short sword       |       |   144 |   221 |   104 ||   469
       Rapier            |       |       |    49 |       ||    49
       Quarterstaff      |       |       |       |   105 ||   105
       War axe           |       |       |       |   156 ||   156
       Broad axe         |       |       |       |    11 ||    11
       Morningstar       |       |       |       |    41 ||    41
 Fire: Arbalest          |       |       |       |    18 ||    18
       Shortbow          |       |       |       |    16 ||    16
Throw: Boomerang         |       |    51 |    42 |    29 ||   122
       Dart              |       |       |    16 |    36 ||    52
       Throwing net      |       |       |       |     2 ||     2
Invok: Upheaval          |       |       |     3 |     7 ||    10
       Disaster Area     |       |       |       |     1 ||     1
       Elemental Force   |       |       |       |     1 ||     1
Evoke: Wand              |       |     7 |    12 |     9 ||    28
  Use: Scroll            |     6 |    11 |    13 |     8 ||    38
       Potion            |       |     7 |     6 |    11 ||    24
 Stab: Sleeping          |     1 |     1 |       |       ||     2
       Confused          |       |       |     1 |       ||     1
       Paralysed         |       |       |       |     1 ||     1
  Eat: Ration            |     2 |       |     2 |     4 ||     8
       Chunk             |       |     2 |     4 |     7 ||    13
Armor: Leather armour    |     3 |    16 |       |       ||    19
       Robe              |     1 |       |       |       ||     1
       Chain mail        |       |    25 |    80 |   142 ||   247
       Skin              |       |       |     7 |       ||     7
Dodge: Dodged            |    35 |    75 |    78 |   271 ||   459
       Repelled          |       |       |       |     6 ||     6
Block: Kite shield       |    11 |   112 |   241 |   246 ||   610
       Other             |       |       |       |    63 ||    63
